 Dungeon Crawl Stone Soup version 0.10.0-14-ga75c42d character file.

556 neversleep the Insei (level 6, -4/51 HPs)
             Began as a Draconian Monk on Feb 26, 2012.
             Slain by an ogre
             ... wielding a +0,+0 giant club
              (25 damage)
             ... on Level 4 of the Dungeon.
             The game lasted 00:48:39 (4652 turns).

neversleep the Insei (Draconian Monk)               Turns: 4652, Time: 00:48:39

HP  -4/51        AC  7     Str 13      XL: 6   Next: 33%
MP   0/7         EV 15     Int 13      God:
Gold 212         SH  0     Dex 19      Spells:  0 memorised,  8 levels left

Res.Fire  : . . .   See Invis. : .     - Unarmed
Res.Cold  : . . .   Warding    : . . (armour unavailable)
Life Prot.: . . .   Conserve   : .   (no shield)
Res.Acid. : . . .   Res.Corr.  : .   (helmet restricted)
Res.Poison: .       Clarity    : .   d - +0 dwarf cloak
Res.Elec. : .       Spirit.Shd : +   (no gloves)
Sust.Abil.: . .     Stasis     : .   (no boots)
Res.Mut.  : .       Ctrl.Telep.: .   i - amulet of guardian spirit
Res.Rott. : .       Levitation : .   q - ring of protection from magic {unknown}
Saprovore : . . .   Ctrl.Flight: +   p - +6 ring of dexterity

@: very slightly contaminated, somewhat resistant to hostile enchantments,
stealthy
A: unfitting armour
a: no special abilities


You were on level 4 of the Dungeon.
You were hungry.

You visited 1 branch of the dungeon, and saw 5 of its levels.

You collected 212 gold pieces.

Inventory:

Hand weapons
 l - a +0,+0 dagger of speed
Missiles
 j - 18 +0 stones (quivered)
 m - 17 poisoned +0 needles
Armour
 d - a +0 dwarven cloak (worn)
Comestibles
 a - a choko
 b - 3 bread rations
 g - 3 pears
 o - 2 apples
 t - a rambutan
 w - a rotting chunk of giant newt flesh
 z - a meat ration
Scrolls
 c - 2 scrolls of magic mapping
 u - 2 scrolls of teleportation
 x - a scroll of identify
 y - a scroll of curse weapon {unknown}
Jewellery
 i - an amulet of guardian spirit (around neck)
 p - a +6 ring of dexterity (left hand)
 q - a ring of protection from magic (right hand) {unknown}
Potions
 e - a potion of resistance {unknown}
 f - 3 potions of confusion {unknown}
 k - a potion of poison {unknown}
 n - 3 potions of curing
 v - a potion of agility {unknown}
 B - a potion of restore abilities {unknown}


   Skills:
 + Level 4,2 Fighting
 + Level 3,9 Dodging
 + Level 2,9 Stealth
 + Level 2,2 Traps & Doors
 + Level 4,8 Unarmed Combat
 + Level 1,8 Spellcasting


You had 8 spell levels left.
You didn't know any spells.

Dungeon Overview and Level Annotations

Branches:
Dungeon (5/27)
 Temple: D:4-7

Altars:
Ashenzari
Zin

Shops:
D:4: [


Message History

Drink which item? (? for menu, Esc to quit)
You can't drink that!
Unknown command.
Blink to where?
Press: ? - help, Dir - move target cursor Are you sure you want to cancel this blink?
Blink to where?
Press: ? - help, Dir - move target cursor, f - you Are you sure you want to cancel this blink?
As you read the scroll of blinking, it crumbles to dust.
You are very lightly contaminated with residual magic.
Welcome back, neversleep the Draconian Monk.
Press ? for a list of commands and other information.
Read which item? (? for menu, Esc to quit)
Okay, then.
Drink which item? (? for menu, Esc to quit)
You feel better.
It was a potion of curing.
The ogre barely misses you.
Drink which item? (? for menu, Esc to quit)
You feel better. The ogre hits you with a giant club!
You die...

......#........#.^......#.......#
......#....>%..#........'.......#
......#........#...<.)..#.......#
......#........#........#########
......#........#....(............
......#........#.................
......#........#.................
......#........#.................
......#........O@...######.......
......#........#....# #.......
......##########....# #.......
....................# #.######
...######...........# #.# ...#
#...........######.# ...#
#.#########........# ...# #.#
#........# ...# #.# #........#


You could see an ogre.

Vanquished Creatures
  A water moccasin skeleton (D:4)
  An orc priest (D:3)
  A hound (D:2)
  An iguana (D:4)
  A worker ant (D:4)
  4 adders (D:2)
  3 gnolls
  A giant mite (D:2)
  3 worms
  4 giant geckos
  4 oozes
  8 orcs
  A ball python (D:1)
  7 giant cockroaches
  15 hobgoblins
  3 jackals (D:4)
  9 bats
  4 giant newts
  4 goblins
  8 kobolds
  9 rats
  2 toadstools
94 creatures vanquished.

Vanquished Creatures (others)
  A giant newt (D:2)
  2 rats (D:1)
  10 toadstools
13 creatures vanquished.

Grand Total: 107 creatures vanquished

Notes
Turn   | Place    | Note
--------------------------------------------------------------
     0 | D:1      | neversleep, the Draconian Monk, began the quest for the Orb.
     0 | D:1      | Reached XP level 1. HP: 17/17 MP: 0/0
   340 | D:1      | Reached XP level 2. HP: 12/24 MP: 1/1
  1225 | D:2      | Reached skill level 1 in Traps & Doors
  1225 | D:2      | Reached XP level 3. HP: 30/30 MP: 2/2
  1768 | D:2      | Reached XP level 4. HP: 37/37 MP: 3/3
  2034 | D:2      | Reached skill level 1 in Spellcasting
  2582 | D:3      | Reached XP level 5. HP: 39/44 MP: 5/5
  2617 | D:3      | Found a shattered altar of Ashenzari.
  3889 | D:4      | Found Godghih's Antique Armour Shoppe.
  3917 | D:4      | Found a glowing silver altar of Zin.
  4123 | D:3      | Reached XP level 6. HP: 26/51 MP: 3/7
  4596 | D:5      | Entered Level 5 of the Dungeon
  4652 | D:4      | Slain by an ogre
